AoeStats
← Jukane

Four Lakes

509717909Analyzed
1v1 RM · 5d ago on Sep 27, 2026· 52m 35s· 2 players
Game mode
Random Map
Map size
Tiny (2 player)
Population
200
Speed
Normal
Resources
Standard
Victory
Conquest
Starting age
Dark Age
Ending age
Imperial Age
RankedLock teamsTeams togetherTeam positionsShared explorationLock speedFull tech treeHidden civsTurbo modeCheats
Victory
Defeat
🇩🇪 Vikings · Germany
773
+15
🇺🇸 Vietnamese · United States
757
-15
Jukane
8:08 Loom
10:46 Feudal Age
12:32 Town Watch
13:18 Double-Bit Axe
13:28 Fishing Lines
18:38 Castle Age
19:30 Gillnets
21:35 Pikeman
21:40 Elite Skirmisher
22:21 Fletching
22:44 Forging
23:40 Town Patrol
23:58 Squires
24:13 Thumb Ring
25:43 Bow Saw
27:48 Wheelbarrow
28:24 Chatras
33:50 Ballistics
40:56 Stone Mining
42:17 Light Cavalry
45:54 Bodkin Arrow
46:34 Iron Casting
48:53 Imperial Age
49:29 Imperial Skirmisher
51:39 Bracer
noHotkeys
0:29 Loom
11:53 Feudal Age
12:23 Double-Bit Axe
14:33 Stone Mining
16:37 Fishing Lines
19:38 Castle Age
20:46 Gillnets
21:14 Bow Saw
22:23 Fletching
22:34 Scale Mail Armor
22:45 Forging
23:19 Bodkin Arrow
24:24 Chain Mail Armor
25:57 Chieftains
26:35 Gold Mining
28:09 Gold Shaft Mining
27:35 Town Watch
35:26 Iron Casting
Connection lost

Rejoining the realm…

Still unreachable

The connection could not be restored.

Session expired

The server has moved on; the page needs a fresh start.